 Dungeon Crawl Stone Soup version 0.31-a0-1099-g7fa767f3fe (webtiles) character file.

Game seed: 1855480804603280940

64 Gumption the Ruffian (level 3, -14/36 HPs)
             Began as a Troll Fighter on Dec 1, 2023.
             Was a Follower of Lugonu.
             Demolished by Crazy Yiuf
             ... wielding a +4 quarterstaff of chaos
              (15 damage)
             ... on level 2 of the Dungeon.
             The game lasted 00:08:27 (1696 turns).

Gumption the Ruffian (Troll Fighter)                Turns: 1696, Time: 00:08:28

Health: -14/36     AC:  4    Str: 24    XL:     3   Next: 91%
Magic:  2/2        EV:  9    Int:  4    God:    Lugonu [*.....]
Gold:   136        SH:  8    Dex: 11    Spells: 2/2 levels left

rFire   . .          .
                       - Unarmed
rCold   . . .        d - +0 kite shield
rNeg    . . .        l - +0 robe
rPois   .            (helmet restricted)
rElec   .            (no cloak)
rCorr   .            (gloves unavailable)
SInv    .            (boots unavailable)
Will    .....        (no amulet)
Stlth   +            (no ring)
HPRegen 1.06/turn    (no ring)
MPRegen 0.08/turn

%: no passive effects
@: lethally poisoned (-14 -> -18)
A: large, unfitting armour, claws 3, regeneration 1, shaggy fur 1, tough skin 1
a: Renounce Religion, Depart the Abyss


You were on level 2 of the Dungeon.
You worshipped Lugonu.
Lugonu was aware of your devotion.
You visited 1 branch of the dungeon, and saw 3 of its levels.

You collected 136 gold pieces.

Inventory:

Hand Weapons
 b - a +0 sling
Armour
 d - a +0 kite shield (worn)
 l - a +0 robe (worn)
Jewellery
 e - a +6 ring of intelligence
 m - the ring "Muymoah" {Ice *Corrode rPois Dex+6 SInv}
   (You found it on level 2 of the Dungeon)

   [ring of ice]

   Ice:       It enhances your ice magic.
   Dex+6:     It affects your dexterity (+6).
   rF-:       It makes you vulnerable to fire.
   rC+:       It protects you from cold.
   rPois:     It protects you from poison SInv: It lets you see invisible.
   *Corrode:  It may corrode you when you take damage.
Scrolls
 f - a scroll of blinking {unknown}
 g - a scroll of teleportation {unknown}
 i - a scroll of immolation {unknown}
 j - 3 scrolls of identify {unknown}
 k - a scroll of poison {unknown}
 o - a scroll of enchant weapon {unknown}
 p - a scroll of revelation {unknown}
Potions
 a - 2 potions of mutation {unknown}
 c - a potion of might
 h - a potion of curing {unknown}
 n - a potion of resistance {unknown}
 q - a potion of magic {unknown}


   Skills:
 + Level 2.8 Fighting
 - Level 2.4 Dodging
 + Level 3.1 Shields
 * Level 3.3 Unarmed Combat
 + Level 0.2 Invocations


You had 2 spell levels left.
You didn't know any spells.
Your spell library was empty.

Dungeon Overview and Level Annotations

Branches:
Dungeon (3/15)

Altars:
Lugonu

Annotations:
D:2 Crazy Yiuf


Innate Abilities, Weirdness & Mutations

You are too large for most types of armour.
You have claws for hands.
Your natural rate of healing is unusually fast.
You are covered in fur. (AC +1)
You have tough skin. (AC +1)


Message History

The ball python hisses angrily.
You block the ball python's attack.
You scratch the ball python.
You kill the ball python!
Lugonu accepts your kill.
There is a stone staircase leading down here.
There is a stone staircase leading down here.
Crazy Yiuf laughs, "Ghoul!
You head noodlescoop."
Crazy Yiuf cries, "Ice!"
You open the door.
Crazy Yiuf flaps his cloak.
You barely miss Crazy Yiuf.
Crazy Yiuf whimpers, "Leather hog rumpyflump!"
Crazy Yiuf hits you with a +4 quarterstaff of chaos!
Crazy Yiuf burns you.
You scratch Crazy Yiuf.
Crazy Yiuf is lightly wounded.
Crazy Yiuf hits you with a +4 quarterstaff of chaos!
* * * LOW HITPOINT WARNING * * *
Crazy Yiuf freezes you.
* * * LOW HITPOINT WARNING * * *
You scratch Crazy Yiuf.
Crazy Yiuf is moderately wounded.
Crazy Yiuf barely misses you.
You scratch Crazy Yiuf.
Crazy Yiuf is moderately wounded.
Crazy Yiuf barely misses you.
You scratch Crazy Yiuf.
Crazy Yiuf is heavily wounded.
Crazy Yiuf barely misses you.
Crazy Yiuf says, "Crazy?
Crazy!?
PORCUPINE!"
Crazy Yiuf hits you with a +4 quarterstaff of chaos!
* * * LOW HITPOINT WARNING * * *
You are lethally poisoned!
You claw Crazy Yiuf!
Crazy Yiuf is almost dead.
* * * LOW HITPOINT WARNING * * *
You feel very sick.
Crazy Yiuf hits you with a +4 quarterstaff of chaos!
You die...

..#
#####..###....####.#
#.# ### #<.....#
#....# #.# #.# #
#......# ♣....♣
#####.# #####......#
♣...♣♣ #.....#
....'......# ♣♣.♣♣
####### #####......#
♣.♣♣ ...........#
♣♣.♣ ######'##+##
♣.♣♣ #......# ♣♣@♣
#......# #g#
#......# ...
#......## #...#
###'##..# #..)#
#.##..# #####
#.##..# #.##..######
#.##.##....#


You could see Crazy Yiuf.

Vanquished Creatures
  A worm (D:2)
  3 dart slugs (D:2)
  An orc (D:2)
  6 ball pythons
  5 bats
  7 endoplasms
  A giant cockroach (D:3)
  3 goblins
  6 hobgoblins
  3 quokkas
  3 frilled lizards (D:2)
  6 kobolds
  4 rats
49 creatures vanquished.

Notes
Turn   | Place    | Note
-------+----------+-------------------------------------------
     0 | D:1      | Gumption the Troll Fighter began the quest for the Orb.
     0 | D:1      | Reached XP level 1. HP: 22/22 MP: 0/0
   203 | D:1      | Reached XP level 2. HP: 27/29 MP: 1/1
   751 | D:2      | Identified the ring "Muymoah" {Ice *Corrode rPois Dex+6
                  | SInv}
   894 | D:2      | Reached XP level 3. HP: 36/36 MP: 2/2
  1077 | D:2      | Found a runed translucent door.
  1078 | D:2      | Noticed Crazy Yiuf
  1182 | D:2      | Found a faded altar of an unknown god.
  1214 | D:2      | Prayed at the altar of an unknown god.
  1214 | D:2      | Became a worshipper of Lugonu the Unformed
  1214 | D:2      | Reached * piety under Lugonu
  1255 | D:2      | You fall into a shaft and drop 1 floor!
  1696 | D:2      | HP: 1/36 [poisoned by Crazy Yiuf]
  1696 | D:2      | Demolished by Crazy Yiuf

Illustrated notes

Levels and vault maps discovered:
D:1:      sevenhm_arrival_forest_fort_small_4, layout_basic
D:2:      layout_basic, shapermc_ecumenical_altar_ellora, minmay_tall_x,
          uniq_crazy_yiuf_cottage
D:3:      layout_basic, nicolae_ashenzari_skybound, uniq_sigmund, uniq_pargi,
          uniq_ijyb

Skill      XL: |  1  2  3 |
---------------+----------+-----
Shields        | 3 |  3.1
Unarmed Combat | 3 |  3.3
Fighting       | |  2.8
Dodging        | |  2.4
Invocations    | |  0.2

Action                     || total
---------------------------++-------
  Melee: Unarmed           ||   123
   Fire: Sling             ||     6
   Stab: Sleeping          ||     1
 Armour: Robe              ||    59
  Dodge: Dodged            ||    39
  Block: Kite shield       ||    41

Table legend: (Time is in decaauts)
 A = Elapsed time spent in this place.
 B = Non-inter-level travel time spent in this place.
 C = Inter-level travel time spent in this place.
 D = Time resting spent in this place.
 E = Time spent auto-exploring this place.
 F = Levels seen in this place.
 G = Mean time per level.
                   A        B        C        D        E       F      G
               +--------+--------+--------+--------+--------+-----+--------+
         Total |   1697 |   1675 |     22 |      0 |    951 |   3 |  565.7 |
       Dungeon |   1697 |   1675 |     22 |      0 |    951 |   3 |  565.7 |
               +--------+--------+--------+--------+--------+-----+--------+

Top non-repeatable levels by time:
     D:2: 902 daAuts
     D:1: 717 daAuts
     D:3: 77 daAuts
